AoeStats
← ivcrk826

MegaRandom

506407744Analyzed
2v2 RM · 19d ago on Sep 13, 2026· 25m 55s· 4 players
Game mode
Random Map
Map size
Medium (4 player)
Population
200
Speed
Normal
Resources
Standard
Victory
Conquest
Starting age
Dark Age
Ending age
Imperial Age
RankedLock teamsTeams togetherTeam positionsShared explorationLock speedFull tech treeHidden civsTurbo modeCheats
Victory
Defeat
🇦🇷 Saracens · Argentina
1422
+14
🇲🇽 Persians · Mexico
1411
+14
🇩🇪 Malay · Germany
1408
-15
🇩🇪 Lithuanians · Germany
1344
-13
ivcrk826
6:23 Loom
10:22 Feudal Age
11:00 Double-Bit Axe
13:37 Fletching
21:36 Castle Age
20:05 Padded Archer Armor
21:59 Gold Mining
21:40 Crossbowman
23:05 Bodkin Arrow
24:17 Gold Shaft Mining
KOF ChavaAzcona
9:19 Loom
11:47 Feudal Age
12:21 Double-Bit Axe
17:15 Castle Age
15:05 Horse Collar
15:58 Gold Mining
16:24 Bloodlines
17:56 Scale Barding Armor
23:14 Forging
26:22 Wheelbarrow
leox
4:35 Loom
11:10 Feudal Age
13:44 Fletching
13:55 Padded Archer Armor
15:36 Wheelbarrow
16:18 Horse Collar
16:25 Double-Bit Axe
21:16 Castle Age
20:07 Scale Barding Armor
23:03 Elite Skirmisher
24:36 Bodkin Arrow
24:53 Town Watch
suzn
7:45 Loom
8:01 Loom
10:20 Feudal Age
17:10 Castle Age
15:47 Double-Bit Axe
16:10 Gold Mining
16:25 Horse Collar
20:12 Bow Saw
22:49 Wheelbarrow
22:18 Town Watch
22:35 Heavy Plow
23:41 Pikeman
Connection lost

Rejoining the realm…

Still unreachable

The connection could not be restored.

Session expired

The server has moved on; the page needs a fresh start.